 Dungeon Crawl Stone Soup version 0.21-a0-404-g291f19a (webtiles) character file.

301 graki42 the Firebug (level 6, 0/32 HPs)
             Began as a Deep Elf Fire Elementalist on Nov 1, 2017.
             Succumbed to a kobold's poison
             ... in a sewer.
             The game lasted 00:10:30 (2499 turns).

graki42 the Firebug (Deep Elf Fire Elementalist)    Turns: 2499, Time: 00:10:30

Health: 0/32       AC:  8    Str:  5 (7)  XL:     6   Next: 14%
Magic:  11/15      EV: 13    Int: 18 (20) God:
Gold:   132        SH:  0    Dex: 14 (15) Spells: 8/15 levels left

rFire    . . .     SeeInvis .   (no weapon)
rCold    . . .     Gourm    .   (no shield)
rNeg     . . .     Faith    .   a - +0 robe
rPois    .         Spirit   .   e - +0 helmet
rElec    .         Reflect  .   (no cloak)
rCorr    .         Harm     .   (no gloves)
MR       .....                  (no boots)
Stlth    +.........             h - amulet of rage
HPRegen  0.10/turn              o - +5 ring of protection
MPRegen  0.14/turn              (no ring)

@: lethally poisoned (0 -> -15), very slow
A: no striking features
a: Evoke Berserk Rage


You were in a sewer.
You were hungry.

You visited 1 branch of the dungeon, and saw 3 of its levels.
You also visited: Sewer.

You collected 132 gold pieces.

Inventory:

Missiles
 j - 98 stones (quivered)
Armour
 a - a +0 robe (worn)
 e - a +0 helmet (worn)
Jewellery
 h - an amulet of rage (around neck)
 o - a +5 ring of protection (left hand)
Scrolls
 d - a scroll of remove curse
 f - 2 scrolls of recharging
 g - a scroll of immolation
 l - a scroll of enchant armour
 m - a scroll of fear
 q - 4 scrolls of identify
 r - 2 scrolls of enchant weapon
Potions
 k - a potion of cancellation
Books
 b - a book of Flames

   Spells                             Type                      Level
   a - Flame Tongue                   Conjuration/Fire             1
   b - Throw Flame                    Conjuration/Fire             2
   c - Conjure Flame                  Conjuration/Fire             3
   d - Inner Flame                    Hexes/Fire                   3
   e - Sticky Flame                   Conjuration/Fire             4
   f - Fireball                       Conjuration/Fire             5
Comestibles
 c - 2 bread rations
 i - 2 meat rations


   Skills:
 + Level 3.3 Dodging
 + Level 3.2 Stealth
 + Level 5.1 Spellcasting
 + Level 2.2 Conjurations
 + Level 5.6 Fire Magic


You had 8 spell levels left.
You knew the following spells:

 Your Spells              Type           Power        Failure   Level  Hunger
a - Flame Tongue          Conj/Fire      ###..        2%          1    None
b - Conjure Flame         Conj/Fire      ###.....     8%          3    ##.....
c - Inner Flame           Hex/Fire       ##......     12%         3    ##.....


Dungeon Overview and Level Annotations

Branches:
Dungeon (3/15)

Altars:

Annotations:
D:3 Terence


Message History

* * * LOW HITPOINT WARNING * * *
You feel sick.
* * * LOW HITPOINT WARNING * * *
You feel sick.
* * * LOW HITPOINT WARNING * * *
You feel sick.
You see here a dagger.
* * * LOW HITPOINT WARNING * * *
You feel sick.
The kobold shoots a poisoned needle.
The poisoned needle hits you!
You are more poisoned.
You hear a splash.
The kobold shoots a poisoned needle.
The poisoned needle hits you.
You are more poisoned.
Things that are here:
a poisoned needle; 2 stones
* * * LOW HITPOINT WARNING * * *
You feel sick.
You see here a club.
You die...

#.≈..≈..# #.(≈≈≈≈.#
#(†≈≈≈≈.# #≈≈≈≈≈≈≈#
#.≈≈≈≈≈.# #≈(≈≈≈≈.#
#≈(≈≈≈≈.#
###############(≈≈≈≈.≈#
≈≈≈≈≈≈≈≈≈≈≈≈≈)()@≈≈K≈≈#
###############≈≈≈≈≈≈.#
##.≈≈≈≈## #.≈≈≈.#
#.≈≈≈.### #.≈≈≈..∩#
#.≈≈≈.### #.≈≈≈.#
##≈≈≈##


You could see a kobold.

Vanquished Creatures
  A big kobold (Sewer)
  An orc priest (D:3)
  An orc wizard (D:3)
  Robin (D:2)
  A river rat (Sewer)
  An adder (D:2)
  6 gnolls
  A worm (D:2)
  5 dart slugs
  3 orcs (D:3)
  2 giant cockroaches
  16 goblins
  6 hobgoblins (D:2)
  2 jackals
  5 kobolds
  3 quokkas (D:2)
  5 bats
  2 frilled lizards
  9 rats
71 creatures vanquished.

Notes
Turn   | Place    | Note
-------+----------+-------------------------------------------
     0 | D:1      | graki42 the Deep Elf Fire Elementalist began the quest for the Orb.
     0 | D:1      | Reached XP level 1. HP: 10/10 MP: 6/6
    32 | D:1      | Reached XP level 2. HP: 8/15 MP: 2/8
   341 | D:1      | Reached XP level 3. HP: 19/19 MP: 6/9
  1359 | D:2      | Learned a level 3 spell: Conjure Flame
  1363 | D:2      | Learned a level 3 spell: Inner Flame
  1387 | D:2      | Reached XP level 4. HP: 24/24 MP: 7/11
  1820 | D:2      | Noticed Robin
  1928 | D:3      | Reached skill level 5 in Fire Magic
  1951 | D:3      | Noticed Terence
  1996 | D:2      | Killed Robin
  1996 | D:2      | Reached XP level 5. HP: 20/28 MP: 0/13
  2334 | D:3      | Found a glowing drain.
  2339 | Sewer    | Entered a sewer
  2488 | Sewer    | Reached skill level 5 in Spellcasting
  2488 | Sewer    | Reached XP level 6. HP: 11/32 MP: 11/15
  2499 | Sewer    | Succumbed to a kobold's poison

Vault maps used:
D:1:      dpeg_arrival_simpleton_c, minmay_misc_feat_x, chequers_big_river
D:2:      minmay_item_behind_shaft, uniq_robin
D:3:      first_bread, portal_sewer_entry_e, uniq_crazy_yiuf_cottage,
          uniq_terence
Sewer:    sewer_kobolds

Skill      XL: |  1  2  3  4  5 |
---------------+----------------+-----
Fire Magic     | 4 5 |  5.6
Dodging        | 3 |  3.3
Stealth        | 3 |  3.2
Spellcasting   | 4 5 |  5.1
Conjurations   | 2 |  2.2

Action                   |  1- 3 |  4- 6 || total
-------------------------+-------+-------++-------
Melee: Unarmed           |       |    10 ||    10
 Cast: Flame Tongue      |    50 |    98 ||   148
       Conjure Flame     |       |     1 ||     1
       Inner Flame       |       |     1 ||     1
  Use: Scroll            |       |    11 ||    11
       Potion            |       |     1 ||     1
  Eat: Chunk             |     1 |     3 ||     4
Armor: Robe              |     4 |    16 ||    20
Dodge: Dodged            |    12 |    46 ||    58

Table legend:
 A = Spawn XP
 B = Non-spawn XP
 C = Spawn XP percentage of total XP
 D = Spawn monster count
 E = Non-spawn monster count
 F = Spawn count percentage of total count
 G = Total turns spent on level
                    A         B        C        D         E        F      G
               +---------+---------+-------+---------+---------+-------+---------
         Total |       0 |     431 |   0.0 |       0 |      71 |   0.0 |  2499
               +---------+---------+-------+---------+---------+-------+---------
           D:1 |       0 |      68 |   0.0 |       0 |      16 |   0.0 |  1146
           D:2 |       0 |     137 |   0.0 |       0 |      38 |   0.0 |   989
           D:3 |       0 |      96 |   0.0 |       0 |       8 |   0.0 |   204
         Sewer |       0 |     130 |   0.0 |       0 |       9 |   0.0 |   160
               +---------+---------+-------+---------+---------+-------+---------
